 Dungeon Crawl Stone Soup version 0.19-a0-1206-g6bcb79c (webtiles) character file.

1528 JustSomeDude the Shield-Bearer (level 8, -4/61 HPs)
             Began as a Demonspawn Fighter on Aug 21, 2016.
             Was a Believer of Okawaru.
             Slain by a spriggan
             ... wielding a +0 rapier
              (8 damage)
             ... on level 5 of the Dungeon.
             The game lasted 00:09:21 (3796 turns).

JustSomeDude the Shield-Bearer (Demonspawn Fighter) Turns: 3796, Time: 00:09:21

Health: -4/61      AC:  8    Str: 23    XL:     8   Next: 55%
Magic:  8/8        EV: 10    Int: 11    God:    Okawaru [**....]
Gold:   261        SH: 10    Dex: 12    Spells: 0 memorised, 7 levels left

rFire  + . .     SeeInvis .     a - +0 war axe
rCold  . . .     Gourm    .     b - +0 scale mail
rNeg   . . .     Faith    .     c - +0 shield
rPois  .         Spirit   .     n - +0 helmet
rElec  .         Dismiss  .     (no cloak)
rCorr  .         Reflect  .     (no gloves)
MR     .....     Harm     .     (no boots)
Stlth  +.........               (no amulet)
                                A - +5 ring of strength
                                j - ring of protection from fire

@: no status effects
A: talons 2, nightstalker 1, rot immunity
a: Heroism, Renounce Religion


You were on level 5 of the Dungeon.
You worshipped Okawaru.
Okawaru was pleased with you.
You were not hungry.

You visited 2 branches of the dungeon, and saw 6 of its levels.

You collected 261 gold pieces.

Inventory:

Hand Weapons
 a - a +0 war axe (weapon)
Missiles
 u - 4 tomahawks of returning (quivered)
Armour
 b - a +0 scale mail (worn)
 c - a +0 shield (worn)
 n - a +0 helmet (worn)
Jewellery
 d - an uncursed ring of poison resistance {unknown}
 j - a ring of protection from fire (left hand)
 t - a cursed ring of loudness {unknown}
 A - a +5 ring of strength (right hand)
Wands
 y - a wand of flame (24/48)
 z - a wand of paralysis (12/24)
Scrolls
 e - a scroll of amnesia {unknown}
 i - 2 scrolls of fog {unknown}
 k - 2 scrolls of enchant armour {unknown}
 l - 2 scrolls of magic mapping {unknown}
 m - 2 scrolls of noise {unknown}
 p - 4 scrolls of identify {unknown}
 q - a scroll of enchant weapon {unknown}
 r - 3 scrolls of remove curse {unknown}
 s - a scroll of fear {unknown}
 w - a scroll of recharging {unknown}
Potions
 g - a potion of degeneration {unknown}
 o - a potion of cure mutation {unknown}
 v - 3 potions of brilliance
 x - 2 potions of agility
Comestibles
 f - 3 bread rations


   Skills:
 + Level 4.8 Fighting
 + Level 4.5 Axes
 + Level 4.6 Armour
 + Level 4.6 Dodging
 + Level 0.6 Stealth
 + Level 5.7 Shields


You had 7 spell levels left.
You didn't know any spells.

Dungeon Overview and Level Annotations

Branches:
Dungeon (5/15)             Temple (1/1) D:4

Altars:
Ashenzari
Cheibriados
Dithmenos
Elyvilon
Fedhas
Hepliaklqana
Kikubaaqudgha
Makhleb
Nemelex Xobeh
Okawaru
Qazlal
Ru
Sif Muna
Trog
Uskayaw
Vehumet
Xom
Yredelemnul
Zin
The Shining One


Innate Abilities, Weirdness & Mutations

You have razor-sharp toenails.
You are slightly more attuned to the shadows.
You are immune to rotting.


Message History

Okay, then.
You closely miss the spriggan. Your kick misses the spriggan.
The spriggan is almost dead.
The spriggan hits you with a rapier.
* * * LOW HITPOINT WARNING * * *
You block the spriggan's attack.
You miss the spriggan. Your kick misses the spriggan.
The spriggan is almost dead.
You block the spriggan's attack. The spriggan blocks your attack.
Your kick misses the spriggan.
The spriggan is almost dead.
You block the spriggan's attack.
You barely miss the spriggan.
You claw the spriggan, but do no damage.
The spriggan is almost dead.
The spriggan misses you. You block the spriggan's attack.
The spriggan blocks your attack.
The spriggan is almost dead.
The spriggan hits you with a rapier!
You die...

...♣♣....).....♣
♣♣♣..♣♣♣ ##
♣♣♣♣♣♣♣♣♣♣♣...♣♣
♣♣♣..♣♣ # ♣
♣...♣♣♣♣ ♣♣♣)♣♣
♣♣.....♣♣
♣♣.♣♣♣♣♣♣
♣....♣♣♣♣.♣♣
♣♣.♣♣.♣.♣ ..♣♣♣♣
♣♣.♣ ♣......♣♣
.. ♣♣.♣
♣♣♣.....♣ ♣
♣♣..♣ ♣..(..♣
♣@♣♣♣ ♣♣...♣♣
♣♣i♣ ♣♣♣♣♣
♣...[♣ ♣..♣♣...
♣♣. ♣♣.♣ . ♣..
.♣ ♣♣♣ ♣.


You could see a spriggan.

Vanquished Creatures
  4 spriggans (D:5)
  An ogre (D:4)
  2 phantoms (D:4)
  A giant frog (D:3)
  A scorpion (D:4)
  A giant frog zombie (D:5)
  2 crimson imps (D:5)
  2 jellies
  3 hounds
  An orc wizard (D:4)
  Jessica (D:2)
  An iguana (D:4)
  A worker ant (D:4)
  2 hound skeletons
  6 adders
  2 worms (D:2)
  A dart slug (D:3)
  6 giant geckos
  13 orcs
  3 ball pythons
  9 bats
  3 giant cockroaches
  7 goblins
  11 hobgoblins
  5 quokkas
  A giant gecko skeleton (D:4)
  3 giant newts (D:2)
  A jackal skeleton (D:4)
  9 kobolds
  4 rats
107 creatures vanquished.

Notes
Turn   | Place    | Note
-------+----------+-------------------------------------------
     0 | D:1      | JustSomeDude the Demonspawn Fighter began the quest for the Orb.
     0 | D:1      | Reached XP level 1. HP: 18/18 MP: 1/1
   173 | D:1      | Gained mutation: You are slightly more attuned to the shadows. [demonic ancestry]
   173 | D:1      | Reached XP level 2. HP: 24/24 MP: 2/2
   311 | D:1      | Reached skill level 3 in Shields
   744 | D:2      | Noticed Jessica
   750 | D:2      | Killed Jessica
   750 | D:2      | Gained mutation: You have sharp toenails. [demonic ancestry]
   750 | D:2      | Reached XP level 3. HP: 25/29 MP: 3/3
   900 | D:2      | Reached XP level 4. HP: 35/35 MP: 4/4
  1157 | D:2      | Reached skill level 1 in Dodging
  1659 | D:3      | Noticed a giant frog
  1678 | D:3      | Killed a giant frog
  1678 | D:3      | Gained mutation: You are immune to rotting. [demonic ancestry]
  1678 | D:3      | Reached XP level 5. HP: 34/41 MP: 5/5
  1712 | D:3      | Found a hazy altar of Hepliaklqana.
  1713 | D:3      | Found an ancient bone altar of Kikubaaqudgha.
  2095 | D:4      | Found a sparkling altar of Nemelex Xobeh.
  2108 | D:4      | Found a shadowy altar of Dithmenos.
  2108 | D:4      | Noticed a phantom
  2141 | D:4      | Killed a phantom
  2141 | D:4      | Reached skill level 4 in Shields
  2141 | D:4      | Reached XP level 6. HP: 24/48 MP: 6/6
  2666 | D:4      | Found a staircase to the Ecumenical Temple.
  2680 | D:4      | Gained mutation: You have razor-sharp toenails. [demonic ancestry]
  2680 | D:4      | Reached XP level 7. HP: 22/54 MP: 7/7
  2884 | Temple   | Entered the Ecumenical Temple
  2970 | Temple   | Became a worshipper of Warmaster Okawaru
  3053 | D:4      | Found a bloodstained altar of Trog.
  3206 | D:5      | Entered Level 5 of the Dungeon
  3295 | D:5      | Noticed a spriggan
  3303 | D:5      | Killed a spriggan
  3303 | D:5      | Reached * piety under Okawaru
  3303 | D:5      | Reached skill level 5 in Shields
  3326 | D:5      | Noticed a spriggan
  3327 | D:5      | Noticed a spriggan
  3331 | D:5      | Killed a spriggan
  3331 | D:5      | Reached XP level 8. HP: 47/61 MP: 8/8
  3346 | D:5      | Reached ** piety under Okawaru
  3792 | D:5      | HP: 3/61 [spriggan/rapier (3)]
  3796 | D:5      | Slain by a spriggan

Vault maps used:
D:1:      eino_arrival_cavern_e
D:2:      uniq_jessica
D:3:      gammafunk_temple_overflow_statue, first_bread, minmay_misc_feat_alley
D:4:      bloody_trog, grunt_dithmenos_shadows, nemelex_diamond_rough_becter
D:5:      kb_forest_paths
Temple:   compressed_dpeg_circular_temple

Skill      XL: |  1  2  3  4  5  6  7  8 |
---------------+-------------------------+-----
Shields        | 3 4 5 |  5.7
Axes           | 2 3 4 |  4.5
Armour         | 3 4 |  4.6
Dodging        | 1 2 3 4 |  4.6
Fighting       | 4 |  4.8
Stealth        | |  0.6

Action                   |  1- 3 |  4- 6 |  7- 9 || total
-------------------------+-------+-------+-------++-------
Melee: War axe           |    80 |   233 |   142 ||   455
       Kick              |     4 |    51 |    38 ||    93
Invok: Heroism           |       |       |     1 ||     1
  Use: Potion            |       |     1 |     6 ||     7
  Eat: Chunk             |       |     5 |     4 ||     9
       Pizza             |       |     1 |       ||     1
Armor: Scale mail        |    51 |   100 |    30 ||   181
Dodge: Dodged            |    28 |    67 |    48 ||   143
Block: Shield            |    37 |   135 |    67 ||   239
